 Dungeon Crawl Stone Soup version 0.31-a0-986-g5e6e4ef867 (webtiles) character file.

Game seed: 16449998462429851253

431 CowFu the Conjurer (level 6, 0/45 HPs)
             Began as a Draconian Conjurer on Nov 9, 2023.
             Slain by Eustachio
             ... wielding a +0 rapier
              (6 damage)
             ... on level 4 of the Dungeon.
             The game lasted 00:04:40 (4495 turns).

CowFu the Conjurer (Draconian Conjurer)             Turns: 4495, Time: 00:04:41

Health: 0/45       AC: -2    Str:  9    XL:     6   Next: 66%
Magic:  5/9        EV: 12    Int: 21    God:
Gold:   130        SH:  0    Dex:  9    Spells: 6/9 levels left

rFire   . . .        t - +0 quarterstaff
rCold   . . .        (shield currently unavailable)
rNeg    . . .        (body armour unavailable)
rPois   .            (helmet restricted)
rElec   .            l - scarf {repulsion}
rCorr   .            (no gloves)
SInv    .            (no boots)
Will    .....        (no amulet)
Stlth   ++           (no ring)
HPRegen 0.27/turn    (no ring)
MPRegen 0.11/turn

%: repel missiles
@: corroded, studying Staves
A: AC +6, unfitting armour, cold-blooded
a: no special abilities


You were on level 4 of the Dungeon.
You visited 1 branch of the dungeon, and saw 4 of its levels.

You collected 130 gold pieces.

Inventory:

Hand Weapons
 a - a +1 whip of freezing
 b - a +0 trident
 t - a +0 quarterstaff (weapon)
Armour
 l - a scarf of repulsion (worn)
Jewellery
 m - an amulet of faith
 n - a +6 ring of strength
Wands
 q - a wand of charming (5)
Scrolls
 f - a scroll of immolation {unknown}
 j - 5 scrolls of identify {unknown}
 k - a scroll of teleportation {unknown}
 o - a scroll of poison {unknown}
 p - a scroll of summoning {unknown}
 r - a scroll of noise {unknown}
 s - a scroll of revelation {unknown}
Potions
 c - a potion of might {unknown}
 d - a potion of magic
 e - 3 potions of curing {unknown}
 g - a potion of heal wounds {unknown}
 h - a potion of cancellation {unknown}
 i - 2 potions of attraction {unknown}
 u - a potion of mutation {unknown}


   Skills:
 + Level 4.4 Staves
 - Level 1.7 Dodging
 - Level 1.7 Stealth
 - Level 2.0 Spellcasting
 + Level 7.4 Conjurations


You had 6 spell levels left.
You knew the following spells:

 Your Spells              Type           Power      Damage    Failure   Level
a - Magic Dart            Conj           100%       1d8       1%          1
b - Searing Ray           Conj           66%        2d6       1%          2

Your spell library contained the following spells:

 Spells                   Type           Power      Damage    Failure   Level
 Dazzling Flash           Conj/Hex       34%        N/A       10%         3
 Fulminant Prism          Conj/Hex       8%         3d7       32%         4
 Iskenderun's Mystic Bla  Conj/Tloc      17%        2d5       32%         4


Dungeon Overview and Level Annotations

Branches:
Dungeon (4/15)
 Temple: D:4-7

Altars:
Okawaru
Ru

Annotations:
D:4 Eustachio


Innate Abilities, Weirdness & Mutations

Your plain brown scales are hard. (AC +6)
You cannot fit into any form of body armour.
You are cold-blooded and may be slowed by cold attacks.


Message History

You can't see any susceptible monsters within range! (Use Z to cast anyway.) Eustachio and a jelly come into view.
The jelly quivers.
The magic dart hits the jelly.
The jelly is lightly wounded.
Eustachio screams, "Hey, you killed my favourite bat!"
There are monsters nearby!
You hit the jelly.
Your hands burn!
The jelly is moderately wounded.
The jelly hits you. The acid corrodes you!
You are splashed with acid!
Eustachio casts a spell.
The magic dart hits the jelly.
The jelly is heavily wounded.
The jelly hits you but does no damage.
There are monsters nearby!
You hit the jelly but do no damage.
Your hands burn!
The jelly is heavily wounded.
The ufetubus barely misses you. x2; The jelly closely misses you.
The ufetubus hits you. x2; The ufetubus completely misses you.
The ufetubus closely misses you.
The white imp grinds its teeth.
The magic dart hits the jelly.
The jelly is heavily wounded.
The ufetubus slips past you! The ufetubus closely misses you.
The ufetubus barely misses you. The ufetubus hits you.
The ufetubus barely misses you.
Eustachio casts a spell.
The jelly hits you.
You are splashed with acid.
There are monsters nearby!
The magic dart hits the jelly.
The jelly is severely wounded.
The ufetubus closely misses you. The ufetubus hits you. x2
The ufetubus hits you but does no damage.
The bat hits you. The jelly hits you.
* * * LOW HITPOINT WARNING * * *
The acid corrodes you!
You are splashed with acid!
* * * LOW HITPOINT WARNING * * *
Eustachio hits you with a +0 rapier.
You die...
Eustachio says, "Such is the fate of all honourless rascals."

...######## #.. ..
##.....^... ......
########### #.##.#######
...# .>##........ ...#
#.##........ ####
##.##r....?..
.###########..##........
...............5.@......
##............##@55.....
..............##Jb......
..............##........
..#...........##........
#####'#######.##........
#####.##### #.##########
....)))...###'##
######..#>##...#
##...##...#


You could see Eustachio, a jelly, a white imp (summoned), 2 ufetubi, a quokka
(summoned) and a bat (summoned).

Vanquished Creatures
  Menkaure (D:4)
  A hound (D:4)
  A sleepcap (D:4)
  6 gnolls
  8 adders
  A worm (D:2)
  2 dart slugs
  4 orcs
  12 endoplasms
  3 giant cockroaches (D:1)
  7 goblins
  10 hobgoblins
  8 jackals
  6 quokkas
  9 ball pythons
  8 bats
  5 frilled lizards
  16 kobolds
  7 rats
115 creatures vanquished.

Notes
Turn   | Place    | Note
-------+----------+-------------------------------------------
     0 | D:1      | CowFu the Draconian Conjurer began the quest for the Orb.
     0 | D:1      | Reached XP level 1. HP: 14/14 MP: 3/3
   158 | D:1      | Reached XP level 2. HP: 20/20 MP: 0/5
   495 | D:1      | Reached skill level 5 in Conjurations
   496 | D:1      | Reached XP level 3. HP: 17/26 MP: 6/6
   843 | D:1      | Found a faded altar of an unknown god.
  1718 | D:2      | Learned a level 2 spell: Searing Ray
  1796 | D:2      | Identified the +4 plate armour of Space {Rampage}
  1821 | D:2      | Reached XP level 4. HP: 29/33 MP: 1/7
  2260 | D:3      | Found a sacrificial altar of Ru.
  2274 | D:3      | Reached skill level 6 in Conjurations
  2422 | D:3      | Reached XP level 5. HP: 32/38 MP: 2/8
  2984 | D:3      | Reached skill level 1 in Staves
  3861 | D:4      | Reached XP level 6. HP: 45/45 MP: 5/9
  3872 | D:4      | Reached skill level 7 in Conjurations
  4106 | D:4      | Noticed Menkaure
  4114 | D:4      | Killed Menkaure
  4227 | D:4      | Found an iron altar of Okawaru.
  4487 | D:4      | Noticed Eustachio
  4495 | D:4      | Slain by Eustachio

Illustrated notes

Levels and vault maps discovered:
D:1:      dpeg_arrival_houses_and_road, layout_basic,
          dreamdust_ecumenical_altar_statues, serial_forest,
          infiniplex_forest_lined_1, infiniplex_forest_end_2,
          infiniplex_forest_lined_room_3, infiniplex_forest_side_room,
          infiniplex_forest_lined_3, infiniplex_forest_end_2,
          infiniplex_forest_lined_room_2, infiniplex_forest_straight_1,
          infiniplex_forest_side_room
D:2:      layout_loops_corners, serial_bayou, serial_bayou_ford_a,
          serial_bayou_pond_b, serial_bayou_crossing, serial_bayou_lake_a,
          nrook_campfire
D:3:      layout_loops_ring, nicolae_ru_sacrificial_ziggurat,
          lexackson_kobold_supper
D:4:      layout_basic, okawaru_altar_gauntlet_db, gammafunk_ghost_grave,
          dk_rats_in_the_wall, uniq_menkaure, uniq_eustachio

Skill      XL: |  1  2  3  4  5  6 |
---------------+-------------------+-----
Conjurations   | 5 6 7 |  7.4
Staves         | 2 4 |  4.4
Dodging        | |  1.7
Stealth        | |  1.7
Spellcasting   | |  2.0

Action                     |  1- 3 |  4- 6 || total
---------------------------+-------+-------++-------
  Melee: Trident           |    11 |       ||    11
         Unarmed           |     6 |       ||     6
         Tailslap          |    10 |     4 ||    14
         Whip              |    85 |     4 ||    89
         Quarterstaff      |       |    24 ||    24
   Cast: Magic Dart        |    45 |   135 ||   180
         Searing Ray       |       |     1 ||     1
   Stab: Sleeping          |     1 |       ||     1
 Armour: Skin              |    63 |    50 ||   113
  Dodge: Dodged            |    73 |    42 ||   115

Table legend: (Time is in decaauts)
 A = Elapsed time spent in this place.
 B = Non-inter-level travel time spent in this place.
 C = Inter-level travel time spent in this place.
 D = Time resting spent in this place.
 E = Time spent auto-exploring this place.
 F = Levels seen in this place.
 G = Mean time per level.
                   A        B        C        D        E       F      G
               +--------+--------+--------+--------+--------+-----+--------+
         Total |   4559 |   4446 |    113 |      0 |   3737 |   4 | 1139.8 |
       Dungeon |   4559 |   4446 |    113 |      0 |   3737 |   4 | 1139.8 |
               +--------+--------+--------+--------+--------+-----+--------+

Top non-repeatable levels by time:
     D:2: 1268 daAuts
     D:3: 1167 daAuts
     D:4: 1071 daAuts
     D:1: 1051 daAuts
